 Dungeon Crawl Stone Soup version 0.27-a0-1590-g15f69828bf (webtiles) character file.

Game seed: 7268423250767167667

53 Shayle the Skirmisher (level 3, -1/39 HPs)
             Began as an Ogre Warper on July 19, 2021.
             Succumbed to an adder's poison
             ... on level 2 of the Dungeon.
             The game lasted 00:03:22 (1897 turns).

Shayle the Skirmisher (Ogre Warper)                 Turns: 1897, Time: 00:03:23

Health: -1/39      AC:  3    Str: 15    XL:     3   Next: 89%
Magic:  6/6        EV: 10    Int: 15    God:
Gold:   69         SH:  0    Dex:  8    Spells: 6/6 levels left

rFire    . . .     SeeInvis .   a - +0 spear
rCold    . . .     Faith    .   (no shield)
rNeg     . . .     Spirit   .   b - +0 robe
rPois    .         Reflect  .   (helmet restricted)
rElec    .         Harm     .   (no cloak)
rCorr    .         Rampage  .   (gloves unavailable)
Will     .....                  (boots unavailable)
Stlth    +.........             (no amulet)
HPRegen  0.13/turn              (no ring)
MPRegen  0.10/turn              (no ring)

@: lethally poisoned (-1 -> -11)
A: large, unfitting armour, tough skin 1
a: no special abilities


You were on level 2 of the Dungeon.
You visited 1 branch of the dungeon, and saw 2 of its levels.

You collected 69 gold pieces.

Inventory:

Hand Weapons
 a - a +0 spear (weapon)
Armour
 b - a +0 robe (worn)
Scrolls
 c - 2 scrolls of blinking


   Skills:
 + Level 3.8 Fighting
 - Level 2.0 Polearms
 - Level 1.0 Throwing
 * Level 3.4 Dodging
 - Level 2.4 Spellcasting
 - Level 2.6 Translocations


You had 6 spell levels left.
You didn't know any spells.
Your spell library contained the following spells:

 Spells                   Type           Power      Damage    Failure   Level
 Blink                    Tloc           N/A        N/A       11%         2
 Foxfire                  Conj/Fire      4%         2x1d4     22%         1
 Gell's Gravitas          Tloc           4%         N/A       22%         3
 Lesser Beckoning         Tloc           4%         N/A       22%         3
 Teleport Other           Tloc           9%         N/A       22%         3
 Conjure Flame            Conj/Fire      1%         6-21      54%         3
 Inner Flame              Hex/Fire       1%         N/A       54%         3
 Manifold Assault         Tloc           9%         N/A       89%         5


Dungeon Overview and Level Annotations

Branches:
Dungeon (2/15)

Altars:


Innate Abilities, Weirdness & Mutations

You are too large for most types of armour.
You have tough skin. (AC +1)


Message History

The adder is severely wounded.
The adder closely misses you.
You hit the adder.
You kill the adder!
An adder comes into view.
The adder hisses angrily.
You see here 4 poisoned darts.
You see here a poisoned dart.
You don't know any spells.
As you read the scroll labelled CENONE SODO, it crumbles to dust.
The scroll dissolves into smoke.
It was a scroll of fog.
As you read the scroll labelled ZONUH ICUNT, it crumbles to dust.
The creatures around you are filled with an inner flame!
It was a scroll of immolation.
The adder bites you but does no damage. The adder barely misses you.
You don't know any spells.
Sorry, you're not good enough to have a special ability.
You aren't carrying any potions.
Unknown command.
You completely miss the adder. The adder bites you.
You are poisoned.
The adder poisons you!
You barely miss the adder.
You feel sick. The adder closely misses you.
You closely miss the adder.
You feel sick. The adder bites you.
* * * LOW HITPOINT WARNING * * *
The adder barely misses you.
You closely miss the adder.
You feel sick. The adder bites you but does no damage.
You hit the adder but do no damage.
You feel sick.
You are no longer poisoned.
The adder misses you.
You hit the adder but do no damage. The adder bites you.
* * * LOW HITPOINT WARNING * * *
You are lethally poisoned!
The adder poisons you! The adder bites you.
* * * LOW HITPOINT WARNING * * *
You are more poisoned.
The adder poisons you!
You completely miss the adder.
You die...

#.. ..###
..... .(.#
...# ##§§#
###§§§####..
#.§§@S§.....
#.#§§.###...
#.##§§#
#.....###.
#....§....#
#.#########
#+# #.# #.#
##.##### #.#
#.>....#
##.##


You could see an adder (inner flame).

Vanquished Creatures
  2 adders (D:2)
  A gnoll (D:1)
  A worm (D:2)
  2 endoplasms (D:1)
  2 giant cockroaches (D:1)
  2 hobgoblins (D:1)
  4 jackals (D:1)
  A ball python (D:1)
  4 goblins (D:1)
  A kobold (D:1)
  A rat (D:2)
21 creatures vanquished.

Notes
Turn   | Place    | Note
-------+----------+-------------------------------------------
     0 | D:1      | Shayle the Ogre Warper began the quest for the Orb.
     0 | D:1      | Reached XP level 1. HP: 22/22 MP: 3/3
   421 | D:1      | Reached XP level 2. HP: 31/31 MP: 5/5
   483 | D:1      | Found a faded altar of an unknown god.
  1050 | D:1      | Reached XP level 3. HP: 11/37 MP: 6/6
  1897 | D:2      | Succumbed to an adder's poison

Illustrated notes

Levels and vault maps discovered:
D:1:      scummos_arrival_simple_crosswalls, layout_loops_ring,
          ebering_ecumenical_altar_box
D:2:      kennysheep_big_flooded_room, layout_loops_corners, serial_shops,
          nicolae_shop_statue_plus

Skill      XL: |  1  2 |
---------------+-------+-----
Fighting       | 3 |  3.8
Dodging        | 3 |  3.4
Polearms       | |  2.0
Throwing       | |  1.0
Spellcasting   | |  2.4
Translocations | |  2.6

Action                   || total
-------------------------++-------
Melee: Spear             ||   129
Throw: Boomerang         ||     5
       Dart              ||    19
  Use: Scroll            ||     2
 Stab: Sleeping          ||     1
Armor: Robe              ||    29
Dodge: Dodged            ||    69

Table legend: (Time is in decaauts)
 A = Elapsed time spent in this place.
 B = Non-inter-level travel time spent in this place.
 C = Inter-level travel time spent in this place.
 D = Time resting spent in this place.
 E = Time spent auto-exploring this place.
 F = Levels seen in this place.
 G = Mean time per level.
                   A        B        C        D        E       F      G
               +--------+--------+--------+--------+--------+-----+--------+
         Total |   1897 |   1891 |      6 |    449 |   1071 |   2 |  948.5 |
       Dungeon |   1897 |   1891 |      6 |    449 |   1071 |   2 |  948.5 |
               +--------+--------+--------+--------+--------+-----+--------+

Top non-repeatable levels by time:
     D:1: 1574 daAuts
     D:2: 322 daAuts
